Map: Pillars of Gold LE

Players

Lambo - Winner!

  • Race: Zerg Zerg
  • Spawn Location: 7:00

BlyOnFire (Bly)

  • Race: Zerg Zerg
  • Spawn Location: 1:00

Event: DreamHack SC2 Masters 2020 Fall

VOD

Have the link to the VOD?

Description

Time

  • Played on: Aug. 27, 2020, 1:21 p.m.
  • Length: 10:10

All games in this series

Show
View Real Time Build Order
Export as new Build Order

Lambo Zerg - Winner!

Build Orders: Hatch First 

Get SALT Encoding   

  12  0:00  Drone  
  13  0:12  Overlord  
  13  0:18  Drone  
  14  0:30  Drone x2  
  16  0:49  Hatchery  
  15  0:52  Drone  
  15  0:55  Drone  
  17  1:00  Drone  
  18  1:09  Extractor  
  17  1:14  Spawning Pool  
  16  1:18  Drone  
  16  1:22  Drone  
  18  1:28  Drone  
  19  1:40  Drone  
  20  1:49  Drone  
  21  2:01  Queen x2  
  21  2:02  Overlord, Zergling x2  
  26  2:10  Drone  
  26  2:12  Metabolic Boost  
  26  2:14  Drone  
  29  2:22  Drone  
  29  2:23  Drone  
  30  2:36  Hatchery  
  29  2:43  Drone x2  
  31  2:45  Drone  
  31  2:49  Overlord  
  32  2:56  Drone x2  
  34  3:05  Drone  
  34  3:06  Drone  
  34  3:09  Baneling Nest, Zergling x2  
  34  3:12  Drone  
  37  3:13  Zergling x4  
  37  3:15  Drone  
  37  3:16  Zergling x2  
  41  3:22  Drone x2  
  42  3:27  Evolution Chamber  
  42  3:28  Overlord  
  42  3:32  Zergling x2  
  42  3:43  Drone x2  
  42  3:47  Overlord  
  44  3:53  Queen  
  44  3:54  Zerg Ground Armor Level 1  
  46  3:56  Drone  
  46  3:57  Drone  
  46  4:01  Drone, Roach Warren  
  46  4:02  Drone  
  49  4:08  Baneling  
  49  4:10  Drone x2  
  49  4:11  Drone  
  49  4:13  Extractor  
  49  4:15  Extractor  
  50  4:18  Drone x2  
  50  4:20  Drone x2  
  50  4:21  Baneling x2  
  54  4:24  Zergling x8  
  54  4:28  Zergling x6  
  60  4:38  Zergling x2  
  60  4:39  Zergling x4  
  60  4:44  Zergling x6  
  63  4:46  Zergling x6  
  65  4:54  Overlord  
  65  4:57  Overlord  
  65  5:02  Drone  
  65  5:06  Baneling  
  66  5:11  Queen  
  66  5:12  Drone  
  66  5:14  Drone x2  
  70  5:17  Drone x2  
  70  5:18  Drone  
  71  5:23  Drone x3  
  71  5:25  Drone x2  
  77  5:28  Drone x2  
  77  5:29  Overlord  
  77  5:34  Roach x2  
  77  5:35  Overlord  
  82  5:38  Extractor  
  81  5:42  Overlord  
  81  5:43  Roach, Spine Crawler  
  81  5:46  Overlord  
  82  5:50  Roach, Spine Crawler  
  82  5:52  Roach x2  
  82  5:54  Zerg Missile Weapons Level 1  
  82  5:55  Baneling  
  82  5:56  Baneling x2  
  86  5:59  Roach  
  86  6:02  Baneling x3  
  90  6:04  Roach x2  
  90  6:08  Roach x2  
  96  6:11  Lair  
  96  6:14  Roach x2  
  101  6:22  Drone x6  
  101  6:24  Drone  
  108  6:36  Drone x4  
  108  6:37  Extractor  
  108  6:39  Extractor  
  110  6:41  Evolution Chamber  
  108  6:48  Drone x2  
  108  6:49  Drone, Overlord  
  108  6:51  Pneumatized Carapace  
  111  6:57  Drone  
  111  7:00  Overlord x2  
  112  7:02  Overlord  
  112  7:04  Overlord  
  112  7:05  Overlord  
  112  7:08  Queen  
  112  7:09  Queen  
  112  7:11  Overseer  
  112  7:12  Roach  
  112  7:13  Roach x2, Hydralisk Den  
  120  7:18  Zerg Ground Armor Level 2  
  120  7:23  Roach x3  
  120  7:27  Roach x2  
  120  7:28  Roach  
  132  7:31  Overlord  
  132  7:34  Drone x2  
  132  7:35  Drone x2  
  138  7:44  Hydralisk x3, Muscular Augments  
  138  7:45  Hydralisk  
  138  7:47  Hydralisk x2  
  148  7:52  Hydralisk  
  148  7:53  Hydralisk x2  
  148  7:55  Overlord  
  148  7:56  Hydralisk  
  148  7:57  Hydralisk  
  158  8:03  Hydralisk x2  
  161  8:06  Spore Crawler  
  161  8:08  Hydralisk x2  
  164  8:13  Roach  
  164  8:17  Hydralisk  
  164  8:18  Roach  
  170  8:24  Glial Reconstitution  
  170  8:30  Spore Crawler  
  168  8:34  Spore Crawler  
  168  8:35  Overlord  
  167  8:44  Roach  
  167  8:45  Overlord, Spore Crawler  
  168  8:51  Roach  
  169  8:58  Overlord  
  163  9:04  Roach x7  
  163  9:06  Spore Crawler  
  163  9:07  Hydralisk  
  163  9:08  Overlord  
  176  9:14  Overlord  
  176  9:19  Roach x4  
  176  9:20  Roach  
  176  9:23  Hydralisk  
  184  9:27  Hydralisk x4  
  190  9:31  Hydralisk  
  190  9:36  Hydralisk x4  
  194  9:44  Hydralisk x2  
  194  9:45  Roach  
Show
View Real Time Build Order
Export as new Build Order

BlyOnFire Zerg 

Build Orders: Hatch First 

Get SALT Encoding   

  12  0:00  Drone  
  13  0:13  Overlord  
  13  0:17  Drone  
  14  0:32  Drone x2  
  16  0:50  Hatchery  
  16  0:52  Drone  
  16  0:56  Drone  
  17  1:04  Drone  
  18  1:11  Extractor  
  18  1:16  Spawning Pool  
  16  1:19  Drone  
  16  1:24  Drone  
  18  1:29  Drone  
  19  1:45  Drone  
  20  1:53  Overlord  
  20  2:02  Queen x2  
  20  2:03  Evolution Chamber  
  20  2:07  Drone x2  
  25  2:12  Drone  
  25  2:14  Drone  
  27  2:23  Drone  
  27  2:25  Zergling x2  
  27  2:28  Zerg Melee Weapons Level 1  
  29  2:33  Drone  
  29  2:35  Overlord  
  30  2:44  Queen  
  30  2:48  Drone  
  33  2:54  Metabolic Boost  
  33  2:58  Evolution Chamber  
  32  3:00  Drone x2  
  34  3:10  Drone x4  
  38  3:18  Overlord  
  38  3:24  Overlord  
  38  3:29  Overlord  
  38  3:37  Roach Warren  
  36  3:48  Zergling x14  
  36  3:52  Zergling x4  
  45  3:57  Zergling x4  
  45  4:01  Zergling x4  
  49  4:15  Drone  
  49  4:16  Drone x7  
  57  4:20  Overlord  
  57  4:24  Overlord  
  57  4:31  Zerg Ground Armor Level 1, Overlord  
  57  4:33  Overlord  
  49  4:51  Drone x4  
  53  4:56  Zergling x8  
  56  5:04  Zergling x4  
  58  5:12  Zergling x2  
  56  5:15  Evolution Chamber  
  56  5:17  Zergling x2  
  54  5:22  Roach  
  54  5:23  Roach x3  
  54  5:24  Roach  
  54  5:25  Roach  
  54  5:27  Extractor, Lair  
  65  5:28  Extractor  
  65  5:29  Extractor  
  64  5:45  Drone x4  
  68  5:51  Overlord  
  68  5:55  Hatchery  
  68  5:57  Overlord  
  67  5:59  Overlord  
  67  6:03  Drone  
  67  6:04  Drone x2  
  70  6:13  Overlord  
  70  6:14  Evolution Chamber  
  70  6:15  Overlord  
  70  6:18  Drone x3  
  72  6:28  Spire  
  72  6:30  Drone x3  
  75  6:37  Roach x3  
  81  6:42  Hatchery  
  81  6:44  Roach x2  
  84  6:53  Drone  
  84  6:54  Drone x3  
  88  7:02  Extractor  
  88  7:05  Extractor  
  88  7:06  Drone x5  
  91  7:11  Overlord  
  91  7:17  Overlord  
  91  7:21  Drone x2  
  93  7:42  Mutalisk x7  
  106  7:47  Drone x9  
  106  7:49  Zerg Flyer Weapons Level 1  
  115  8:04  Mutalisk x2  
  119  8:05  Drone x7  
  125  8:15  Baneling Nest  
  124  8:20  Extractor, Mutalisk x2  
  124  8:21  Extractor  
  124  8:24  Overlord  
  124  8:35  Mutalisk x2  
  124  8:37  Zergling x10  
  124  8:38  Zergling x12  
  134  8:49  Zergling x18  
  134  9:05  Zergling x16  
  142  9:16  Mutalisk x3  
  138  9:17  Mutalisk  
  138  9:18  Mutalisk  
  139  9:30  Mutalisk x3  
  136  9:33  Mutalisk x2  
  136  9:36  Roach, Mutalisk  
  134  9:38  Baneling x2  
  120  9:50  Baneling x2  
  120  9:51  Zergling x10  

Tags
 
Add a new tag
Caveats
  • Supply blocks, unpowered buildings, or Contaminate may cause inaccurate times.
  • Supply counts are checked every 10 seconds.